 Dungeon Crawl Stone Soup version 0.25.0-9-g26727b657a (webtiles) character file.

Game seed: 5900847191380456409

10721 vurker the Cleaver (level 11, -11/71 HPs)
             Began as a Formicid Fighter on June 16, 2020.
             Was an Elder of Ru.
             Mangled by a sixfirhy (12 damage)
             ... on level 1 of the Abyss.
             The game lasted 00:18:35 (10937 turns).

vurker the Cleaver (Formicid Fighter)              Turns: 10937, Time: 00:18:36

Health: -11/71     AC: 15    Str: 23    XL:     11   Next: 98%
Magic:  11/11      EV:  7    Int:  9    God:    Ru [****..]
Gold:   436        SH: 12    Dex: 13    Spells: 10/10 levels left

rFire    . . .     SeeInvis +   u - +4 battleaxe (freeze)
rCold    . . .     Gourm    .   c - +0 kite shield
rNeg     + . .     Faith    .   C - +0 plate armour
rPois    +         Spirit   .   (helmet unavailable)
rElec    .         Reflect  .   o - scarf {repulsion}
rCorr    .         Harm     .   b - +2 pair of gloves {Dex+3}
MR       +....                  D - +1 pair of boots
Stlth    ..........             g - amulet of regeneration
HPRegen  0.00/turn              h - ring of poison resistance
MPRegen  0.12/turn              a - ring of positive energy

@: repel missiles
A: permanent stasis, dig shafts and tunnels, four strong arms, antennae 3,
[deformed body], [frail 2], [inhibited regeneration], inability to use devices,
inability to train dodging
a: Dig, Shaft Self, Draw Out Power, Power Leap, Renounce Religion


You were on level 1 of the Abyss.
You worshipped Ru.
Ru was greatly pleased with you.
You were not hungry.

You visited 2 branches of the dungeon, and saw 12 of its levels.
You visited the Abyss 1 time.

You collected 826 gold pieces.
You spent 390 gold pieces at shops.

Inventory:

Hand Weapons
 u - a +4 battleaxe of freezing (weapon)
   (You took it off a wight on level 11 of the Dungeon)
Missiles
 d - 4 throwing nets (quivered)
Armour
 b - a +2 pair of gloves of dexterity (worn)
   (You found it on level 3 of the Dungeon)
 c - a +0 kite shield (worn)
 o - a scarf of repulsion (worn)
   (You found it on level 1 of the Dungeon)
 C - a +0 plate armour (worn)
   (You found it on level 3 of the Dungeon)
 D - a +1 pair of boots (worn)
   (You found it on level 4 of the Dungeon)
Jewellery
 a - a ring of positive energy (right hand)
   (You found it on level 11 of the Dungeon)
 g - an amulet of regeneration (around neck)
   (You bought it in a shop on level 8 of the Dungeon)
 h - a ring of poison resistance (left hand)
   (You found it on level 7 of the Dungeon)
 w - an uncursed ring of fire
   (You found it on level 3 of the Dungeon)
 z - an uncursed ring of resist corrosion
   (You found it on level 3 of the Dungeon)
Scrolls
 j - 3 scrolls of summoning
 k - 2 scrolls of immolation
 p - 5 scrolls of identify
 q - 7 scrolls of remove curse
 r - 4 scrolls of enchant armour
 A - 3 scrolls of fog
Potions
 f - 3 potions of invisibility
 i - 3 potions of curing
 l - a potion of mutation
 s - 2 potions of heal wounds
 y - a potion of might
 B - 3 potions of magic
Comestibles
 e - 28 rations


   Skills:
 + Level 9.6 Fighting
 * Level 11.6 Axes
 + Level 9.5 Armour
   Level 0.0 Dodging
 - Level 9.0 Shields


You had 10 spell levels left.
You didn't know any spells.
Your spell library contained the following spells:

 Spells                   Type           Power        Failure   Level  Hunger
 Confusing Touch          Hex            #.......     100%        3    ####...
 Gell's Gravitas          Tloc           #.........   100%        3    ####...
 Ice Form                 Ice/Tmut       #.......     100%        4    #####..
 Petrify                  Tmut/Erth      #.......     100%        4    #####..
 Metabolic Englaciation   Hex/Ice        #.........   100%        5    ######.
 Yara's Violent Unravell  Hex/Tmut       #.........   100%        5    ######.
 Freezing Cloud           Conj/Ice/Air   #.........   100%        6    #######
 Ozocubu's Refrigeration  Ice            #.........   100%        6    #######
 Simulacrum               Ice/Necr       #.........   100%        6    #######


Dungeon Overview and Level Annotations

Branches:
Dungeon (11/15)            Temple (1/1) D:4            Lair (0/6) D:11
    Orc: D:9-12

Altars:
Ashenzari
Cheibriados
Dithmenos
Elyvilon
Fedhas
Gozag
Hepliaklqana
Kikubaaqudgha
Makhleb
Nemelex Xobeh
Okawaru
Qazlal
Ru
Sif Muna
Trog
Uskayaw
Vehumet
Wu Jian
Xom
Yredelemnul
Zin
The Shining One

Shops:
D:8 =

Annotations:
D:8 2 transporters
D:11 1 runed translucent door, Erolcha


Innate Abilities, Weirdness & Mutations

You cannot be hasted, slowed, berserked, paralysed or teleported.
You can dig through walls and to a lower floor.
Your four strong arms can wield two-handed weapons with a shield.
You have a pair of large antennae on your head. (SInv)
You cannot study or use magical devices.
You cannot train Dodging skill.
[Armour fits poorly on your strangely shaped body.]
[You are very frail. (-20% HP)]
[You do not regenerate when monsters are visible.]


Message History

A starcursed mass splits.
A chorus of shrieks assaults your mind.
You closely miss the wretched star. You hit the starcursed mass.
You freeze the starcursed mass.
The starcursed mass shudders and is absorbed by its neighbour.
You slash the starcursed mass! You freeze the starcursed mass.
The wretched star pulses with an eldritch light!
Your body twists and deforms.
A starcursed mass splits.
You slash the wretched star!
You destroy the wretched star!
You slash the starcursed mass! You freeze the starcursed mass.
The starcursed mass shudders and is absorbed by its neighbour.
You slash the starcursed mass! You freeze the starcursed mass.
The starcursed mass engulfs you!
A starcursed mass splits.
Okay, then.
A starcursed mass splits. x2
The starcursed mass shrieks in your mind.
A starcursed mass splits.
A starcursed mass splits. x2
A sixfirhy comes into view.
A small abomination comes into view.
The starcursed mass shrieks in your mind.
You redirect the sixfirhy's attack!
The sixfirhy hits itself!
You block the sixfirhy's attack.
The starcursed mass shrieks in your mind.
You slash the sixfirhy! You freeze the sixfirhy.
You block the sixfirhy's attack.
You barely miss the sixfirhy.
The sixfirhy is stunned by your will and fails to attack.
You block the sixfirhy's attack.
The sixfirhy hits you but does no damage.
The sixfirhy hits you but does no damage.
You block the sixfirhy's attack.
The sixfirhy hits you but does no damage.
The sixfirhy is stunned by your will and fails to attack.
You hit the sixfirhy. You freeze the sixfirhy. You miss the sixfirhy.
You block the sixfirhy's attack. The sixfirhy hits you.
The sixfirhy shocks you!
* * * LOW HITPOINT WARNING * * *
The sixfirhy hits you!
* * * LOW HITPOINT WARNING * * *
The sixfirhy shocks you!
* * * LOW HITPOINT WARNING * * *
You block the sixfirhy's attack. The sixfirhy barely misses you.
You block the sixfirhy's attack.
You slash the sixfirhy! You freeze the sixfirhy. The sixfirhy hits you!
* * * LOW HITPOINT WARNING * * *
The sixfirhy shocks you!
You die...

. ..# ##....#X ## .
.##.# .#. # #.
......#... { .# #.#
...#....# .{ #..
#..####....## #{ .
....
#...#......#.#X#. .
#..#.....##.#.X.
#..##
#....#.###..X.## ..
. #@.# .{X...#.x###.
#..##.3##.......#.
.........X{## .. .{
...........###.##.##
...........# ....#
...........# . #
.....#....#. . ##
.#...#.##..#. .##
#####. ####.#


You could see a starcursed mass and a sixfirhy.

Vanquished Creatures
  A two-headed ogre (D:8)
  Nergalle (D:11)
  A wretched star (Abyss:1)
  2 ugly things (D:11)
  A kobold demonologist (D:11)
  A troll (D:8)
  A hydra skeleton (Abyss:1)
  2 hippogriffs
  A wraith (D:10)
  Sigmund (D:3)
  A vampire (D:10)
  A yak (D:9)
  A basilisk (D:10)
  3 hogs (D:9)
  A human (D:9)
  2 hungry ghosts
  3 sky beasts
  3 orc warriors
  3 ice beasts
  8 centaurs
  3 ogres
  3 big kobolds
  3 bullfrogs
  A small abomination (Abyss:1)
  6 scorpions
  9 killer bees (D:9)
  12 wights
  3 howler monkeys (D:8)
  2 crimson imps
  3 centaur zombies
  4 hounds
  2 quasits
  3 bullfrog skeletons
  7 orc priests
  3 centaur skeletons
  A gnoll shaman (D:8)
  2 jellies
  6 iguanas
  12 orc wizards
  6 worker ants
  A hound skeleton (D:9)
  A howler monkey zombie (D:11)
  A worker ant zombie (D:5)
  Robin (D:4)
  7 gnolls
  16 adders
  6 river rats (D:10)
  5 shadow imps
  An ooze (D:1)
  2 adder zombies
  2 adder skeletons
  2 worms
  A dart slug (D:1)
  7 leopard geckos
  41 orcs
  8 bats
  3 giant cockroaches
  13 goblins
  12 hobgoblins
  9 jackals
  4 quokkas
  5 frilled lizards
  22 kobolds
  A quokka zombie (D:5)
  22 rats
322 creatures vanquished.

Vanquished Creatures (others)
  A hippogriff (D:8)
  An ogre (D:8)
  A centaur (D:10)
  A killer bee (D:9)
  A crimson imp (D:8)
5 creatures vanquished.

Grand Total: 327 creatures vanquished

Notes
Turn   | Place    | Note
-------+----------+-------------------------------------------
     0 | D:1      | vurker the Formicid Fighter began the quest for the Orb.
     0 | D:1      | Reached XP level 1. HP: 18/18 MP: 1/1
    29 | D:1      | Reached XP level 2. HP: 21/24 MP: 2/2
   397 | D:1      | Reached XP level 3. HP: 29/29 MP: 3/3
  1275 | D:2      | Reached skill level 1 in Dodging
  1275 | D:2      | Reached XP level 4. HP: 35/35 MP: 4/4
  1395 | D:2      | Found a shimmering blue altar of Sif Muna.
  1639 | D:2      | Reached skill level 3 in Axes
  2236 | D:3      | Noticed Sigmund
  2254 | D:3      | Killed Sigmund
  2254 | D:3      | Reached XP level 5. HP: 17/42 MP: 5/5
  2254 | D:3      | Reached XP level 6. HP: 19/48 MP: 6/6
  2803 | D:4      | Noticed Robin
  2808 | D:3      | Reached skill level 4 in Axes
  2920 | D:4      | Killed Robin
  2924 | D:4      | Reached XP level 7. HP: 24/55 MP: 7/7
  3138 | D:4      | Reached skill level 5 in Shields
  3219 | D:4      | Found a shadowy altar of Dithmenos.
  3424 | D:4      | Found a hazy altar of Hepliaklqana.
  3620 | D:4      | Found a staircase to the Ecumenical Temple.
  3696 | D:4      | Found a glowing golden altar of the Shining One.
  4006 | Temple   | Entered the Ecumenical Temple
  4088 | Temple   | Became a worshipper of Ru the Awakened
  4184 | D:5      | Entered Level 5 of the Dungeon
  4194 | D:5      | Reached skill level 5 in Axes
  4448 | D:5      | Reached XP level 8. HP: 60/61 MP: 8/8
  4746 | D:5      | Reached skill level 5 in Fighting
  4746 | D:5      | Reached skill level 5 in Armour
  4993 | D:5      | Found a sparkling altar of Nemelex Xobeh.
  5332 | D:6      | Found an ancient bone altar of Kikubaaqudgha.
  5332 | D:6      | Found a shadowy altar of Dithmenos.
  5333 | D:6      | Found an opulent altar of Gozag.
  5403 | D:6      | Gained mutation: You cannot train Dodging skill. [Ru
                  | sacrifice]
  5403 | D:6      | Reached * piety under Ru
  5677 | D:6      | Reached skill level 6 in Axes
  5923 | D:6      | Found an iron altar of Okawaru.
  6589 | D:7      | Reached XP level 9. HP: 68/69 MP: 9/9
  6746 | D:7      | Reached skill level 7 in Axes
  7192 | D:8      | Noticed a hippogriff
  7207 | D:8      | Killed a hippogriff
  7332 | D:8      | Noticed a two-headed ogre
  7345 | D:8      | Killed a two-headed ogre
  7345 | D:8      | Reached skill level 8 in Axes
  7390 | D:8      | Reached XP level 10. HP: 77/77 MP: 10/10
  7395 | D:8      | Gained mutation: You cannot study or use magical devices.
                  | [Ru sacrifice]
  7395 | D:8      | Reached ** piety under Ru
  7395 | D:8      | Reached *** piety under Ru
  7395 | D:8      | Reached **** piety under Ru
  7876 | D:8      | Found Ziocril's Jewellery Shoppe.
  7884 | D:8      | Bought an uncursed amulet of regeneration for 390 gold
                  | pieces
  7991 | D:8      | Found a transporter.
  7991 | D:8      | Found a transporter.
  8000 | D:8      | Found a basalt altar of Yredelemnul.
  8119 | D:8      | Reached skill level 9 in Axes
  8797 | D:9      | Found a glowing silver altar of Zin.
  8936 | D:9      | Reached XP level 11. HP: 79/86 MP: 11/11
  9058 | D:10     | Entered Level 10 of the Dungeon
  9090 | D:10     | Reached skill level 10 in Axes
 10120 | D:11     | Noticed Nergalle
 10146 | D:11     | Killed Nergalle
 10352 | D:11     | Reached skill level 11 in Axes
 10427 | D:11     | Noticed a brown ugly thing
 10427 | D:11     | Noticed a purple ugly thing
 10432 | D:11     | Killed a purple ugly thing
 10439 | D:11     | Killed a purple ugly thing
 10605 | D:11     | Found a runed translucent door.
 10605 | D:11     | Noticed a sixfirhy
 10729 | D:11     | Found a staircase to the Lair.
 10806 | D:11     | Noticed Erolcha
 10813 | D:11     | Cast into level 1 of the Abyss (Erolcha)
 10887 | Abyss:1  | Noticed a wretched star
 10904 | Abyss:1  | Noticed a starcursed mass
 10907 | Abyss:1  | Killed a wretched star
 10927 | Abyss:1  | Noticed a sixfirhy
 10937 | Abyss:1  | HP: 1/71 [sixfirhy (8)]
 10937 | Abyss:1  | Mangled by a sixfirhy

Illustrated notes

Levels and vault maps discovered:
D:1:      wheals_arrival_linesprint, layout_basic
D:2:      layout_loops_cross, old_standard_altar
D:3:      layout_rooms, first_ration, uniq_sigmund
D:4:      layout_basic, kennysheep_mini_moat, nicolae_overflow_crystal_walls,
          lemuel_temple_firewalk_b, nicolae_dithmenos_shadow_blocks, uniq_robin
D:5:      layout_loops_ring, nemelex_spade_bored_becter
D:6:      layout_basic, nicolae_overflow_quartered_altars
D:7:      layout_loops_corners
D:8:      layout_loops_ring, gammafunk_temple_overflow_arena, serial_shops, shop
D:9:      layout_rooms, lemuel_coloured_pillars_altar, grunt_livestock,
          serial_bayou_pond_e
D:10:     layout_grid_maze, serial_glass, glass_columns_c, glass_columns_a,
          dk_rats_in_the_wall
D:11:     cheibrodos_shockbox, layout_basic, lair_entry_dummy,
          lemuel_oklob_altar, uniq_erolcha, uniq_nergalle
Temple:   dshaligram_water_room_temple
Abyss:1:  base: D:1, serial_sigils_hangedman_quiver

Skill      XL: |  1  2  3  4  5  6  7  8  9 10 11 |
---------------+----------------------------------+-----
Shields        | 4 5 6 7 8 9 |  9.0
Dodging        | 1 2 0 |  0.0
Axes           | 3 4 5 6 8 9 11 | 11.6
Fighting       | 4 5 6 8 9 |  9.6
Armour         | 4 5 6 8 9 |  9.5

Action                   |  1- 3 |  4- 6 |  7- 9 | 10-12 || total
-------------------------+-------+-------+-------+-------++-------
Melee: War axe           |    72 |   147 |   418 |   483 ||  1120
       Battleaxe         |       |       |       |    88 ||    88
Invok: Sacrifice Nimblen |       |       |     1 |       ||     1
       Draw Out Power    |       |       |       |     1 ||     1
       Sacrifice Artific |       |       |       |     1 ||     1
       Reject Sacrifices |       |       |       |     1 ||     1
 Abil: Dig               |       |     1 |     3 |     2 ||     6
Evoke: Wand              |       |       |     1 |       ||     1
  Use: Potion            |       |     1 |       |     1 ||     2
       Scroll            |       |       |    17 |     7 ||    24
 Stab: Distracted        |       |       |       |     2 ||     2
       Invisible         |       |       |       |     2 ||     2
  Eat: Chunk             |     1 |     6 |    14 |    16 ||    37
       Ration            |       |       |       |     1 ||     1
Armor: Scale mail        |    27 |    37 |       |       ||    64
       Plate armour      |       |    53 |   233 |   272 ||   558
Dodge: Dodged            |    30 |    66 |   100 |   115 ||   311
       Repelled          |       |     1 |     4 |    10 ||    15
Block: Kite shield       |    48 |    89 |   242 |   319 ||   698
